 Dungeon Crawl Stone Soup version 0.17.2-1-ge4368a0 (webtiles) character file.

189 Charly the Sneak (level 5, 0/27 HPs)
             Began as a Vine Stalker Assassin on July 2, 2017.
             Slain by an orc
             ... wielding a +0 flail
              (10 damage)
             ... on level 5 of the Dungeon.
             The game lasted 00:05:05 (331 turns).

Charly the Sneak (Vine Stalker Assassin)             Turns: 331, Time: 00:05:05

Health: 0/27       AC:  3    Str: 14    XL:     5   Next: 68%
Magic:  0/6        EV: 11    Int: 11    God:
Gold:   0          SH:  0    Dex: 16    Spells: 0 memorised, 4 levels left

rFire  . . .     SeeInvis +     a - +2 dagger
rCold  + . .     Clarity  .     c - +0 robe
rNeg   . . .     SustAt   .     (no shield)
rPois  .         Gourm    .     (no helmet)
rElec  .         Spirit   +     d - +0 cloak
rCorr  .         Warding  .     (no gloves)
rMut   .         Stasis   .     (no boots)
MR     .....                    (no amulet)
Stlth  +++.......               q - ring of protection from cold
                                k - ring of see invisible

@: not resistant to hostile enchantments, fairly stealthy
A: fangs 2, regeneration 1, magic shield, antimagic bite, no device heal 3, rot
immunity
a: no special abilities


You were on level 5 of the Dungeon.
You were not hungry.

You visited 1 branch of the dungeon, and saw 6 of its levels.

Inventory:

Hand Weapons
 a - a +2 dagger (weapon)
 b - a +0 blowgun
 u - a +1 vampiric dagger
Missiles
 e - 6 poisoned needles
 f - 2 curare-tipped needles
Armour
 c - a +0 robe (worn)
 d - a +0 cloak (worn)
Jewellery
 k - a ring of see invisible (left hand)
 p - an uncursed ring of positive energy
 q - a ring of protection from cold (right hand)
Scrolls
 h - a scroll of fog {unknown}
 j - a scroll of fear {unknown}
 l - a scroll of enchant weapon {unknown}
 r - a scroll of noise {unknown}
 s - a scroll of remove curse {unknown}
Potions
 i - 2 potions of agility {unknown}
 m - a potion of haste {unknown}
 n - a potion of poison {unknown}
 o - a potion of lignification {unknown}
 t - a potion of brilliance {unknown}
Comestibles
 g - a bread ration


   Skills:
 + Level 2.6 Fighting
 - Level 1.7 Short Blades
 - Level 1.7 Throwing
 - Level 0.7 Dodging
 - Level 4.8 Stealth
 * Level 4.7 Unarmed Combat


You had 4 spell levels left.
You didn't know any spells.

Dungeon Overview and Level Annotations

Branches:
Dungeon (6/15)
 Temple: D:4-7

Altars:
Okawaru


Innate Abilities, Weirdness & Mutations

You have extremely sharp teeth.
Your natural rate of healing is unusually fast.
When hurt, damage is shared between your health and your magic reserves.
Your bite disrupts and absorbs the magic of your enemies.
Potions and wands cannot restore your health.
You are immune to rotting.


Message History

The orc shouts! 3 orcs come into view.
The orc shouts! x3
The orc moves out of view.
The orc hits you with a flail!
Found 13 gold pieces and a black potion.
There is a stone staircase leading down here.
The orc closely misses you.
Unknown command.
Unknown command.
Found 10 gold pieces.
Wield which item (- for none, * to show all)? (? for menu, Esc to quit)
This weapon is vampiric, and you must be Full or above to equip it.
u - a vampiric dagger You closely miss the orc.
Your bite misses the orc. The orc misses you.
You barely miss the orc. The orc hits you with a flail!
* * * LOW HITPOINT WARNING * * *
You see here 10 gold pieces.
You hit the orc but do no damage. You bite the orc, but do no damage.
The orc hits you with a flail!
You die...

.. ########
...####.....$#.#
......#o##.>...#
.......oo..#...#
.....#o####.......
..# #@# ....###
#..........!
#######.##### .#
.#


You could see 4 orcs.

Vanquished Creatures
  2 giant frogs (D:6)
  An orc wizard (D:3)
  2 adders (D:3)
  2 orcs (D:3)
  A hobgoblin (D:2)
  3 kobolds
  3 bats
  A giant newt (D:3)
  2 goblins (D:3)
17 creatures vanquished.

Notes
Turn   | Place    | Note
--------------------------------------------------------------
     0 | D:1      | Charly the Vine Stalker Assassin began the quest for the Orb.
     0 | D:1      | Reached XP level 1. HP: 11/11 MP: 2/2
    78 | D:2      | Reached skill level 1 in Unarmed Combat
    89 | D:2      | You fall through a shaft!
   101 | D:3      | Found an iron altar of Okawaru.
   103 | D:3      | Reached XP level 2. HP: 12/15 MP: 3/3
   129 | D:3      | Noticed an orc wizard
   142 | D:3      | Killed an orc wizard
   142 | D:3      | Reached XP level 3. HP: 7/18 MP: 1/4
   206 | D:3      | Reached XP level 4. HP: 21/23 MP: 5/5
   245 | D:5      | Entered Level 5 of the Dungeon
   279 | D:6      | Noticed a giant frog
   288 | D:6      | Killed a giant frog
   288 | D:6      | Reached XP level 5. HP: 21/26 MP: 6/6
   300 | D:6      | Noticed a giant frog
   315 | D:6      | Killed a giant frog
   331 | D:5      | Slain by an orc

Action                   |  1- 3 |  4- 6 || total
-------------------------+-------+-------++-------
Melee: Dagger            |    41 |    19 ||    60
 Fire: Blowgun           |     6 |     3 ||     9
 Stab: Sleeping          |     1 |     1 ||     2
  Eat: Pizza             |     1 |       ||     1
